2956 views
Uploaded 2019-12-01 20:44:45
Game version 1.32.0.2 / 1.32.0.2.1
23:03 long 3on3 ladder game on (8)Mur'gulOasis_LV
Saved by BEARAND
2956 views
Uploaded 2019-12-01 20:44:45
Game version 1.32.0.2 / 1.32.0.2.1
23:03 long 3on3 ladder game on (8)Mur'gulOasis_LV


61 units @ 5.1k
/ 0.2k
152 buildings @ 11k
/ 6.2k



x1)
| Staff of Sanctuary | 3 | 750 |
| Boots of Speed | 3 | 750 |
| Staff of Teleportation | 4 | 600 |
| Tome of Retraining | 1 | 300 |
| Periapt of Vitality | 1 | 325 |
| Healing Salve | 2 | 200 |
| Orb of Lightning | 3 | 1125 |
| total: | 17 | 4050g |
| Peasant | 14 | 1050 | / | 0 |
| Priest | 1 | 135 | / | 10 |
| total: | 15 | 1185g | / | 10w |
| Scout Tower | 32 | 960 | / | 640 |
| Arcane Tower | 4 | 280 | / | 200 |
| Guard Tower | 19 | 1330 | / | 950 |
| Altar of Kings | 1 | 180 | / | 50 |
| Farm | 5 | 400 | / | 100 |
| Lumber Mill | 1 | 120 | / | 0 |
| Arcane Vault | 3 | 390 | / | 90 |
| Arcane Sanctum | 1 | 150 | / | 140 |
| Keep | 1 | 320 | / | 210 |
| Castle | 1 | 360 | / | 210 |
| total: | 43 | 2200g | / | 1020w |
| 0:03 | Peasant |
| 0:07 | Altar of Kings |
| 0:19 | Farm |
| 0:27 | Farm |
| 0:29 | Peasant |
| 0:29 | Peasant |
| 0:41 | Peasant |
| 0:46 | Lumber Mill |
| 0:57 | Scout Tower |
| 0:58 | Peasant |
| 1:18 | Peasant |
| 1:24 | Scout Tower |
| 1:28 | Peasant |
| 1:35 | Arcane Tower |
| 1:48 | Scout Tower |
| 1:49 | Peasant |
| 1:58 | Peasant |
| 2:03 | Peasant |
| 2:05 | Scout Tower |
| 2:08 | Summon Water Elemental |
| 2:17 | Guard Tower |
| 2:18 | Peasant |
| 2:45 | Guard Tower |
| 2:45 | Peasant |
| 2:46 | Peasant |
| 2:47 | Scout Tower |
| 2:48 | Scout Tower |
| 3:04 | Peasant |
| 3:05 | Improved Masonry |
| 3:17 | Guard Tower |
| 3:18 | Scout Tower |
| 3:44 | Keep |
| 3:45 | Guard Tower |
| 3:46 | Scout Tower |
| 3:46 | Scout Tower |
| 3:49 | Farm |
| 3:49 | Farm |
| 4:06 | Guard Tower |
| 4:33 | Boots of Speed |
| 4:35 | Brilliance Aura |
| 4:58 | Guard Tower |
| 4:59 | Guard Tower |
| 5:00 | Scout Tower |
| 5:01 | Scout Tower |
| 5:01 | Scout Tower |
| 5:02 | Scout Tower |
| 5:02 | Scout Tower |
| 5:03 | Scout Tower |
| 5:31 | Guard Tower |
| 6:24 | Guard Tower |
| 6:25 | Advanced Masonry |
| 6:28 | Arcane Sanctum |
| 7:03 | Guard Tower |
| 7:05 | Castle |
| 7:15 | Summon Water Elemental |
| 7:18 | Guard Tower |
| 7:21 | Storm Bolt |
| 7:25 | Farm |
| 7:39 | Boots of Speed |
| 7:39 | Staff of Teleportation |
| 7:45 | Staff of Teleportation |
| 8:49 | Magic Sentry |
| 8:49 | Priest |
| 8:50 | Priest Adept Training |
| 8:54 | Scout Tower |
| 8:55 | Scout Tower |
| 8:55 | Scout Tower |
| 8:55 | Scout Tower |
| 8:56 | Scout Tower |
| 8:56 | Scout Tower |
| 8:58 | Scout Tower |
| 8:58 | Scout Tower |
| 8:58 | Scout Tower |
| 8:59 | Scout Tower |
| 9:23 | Guard Tower |
| 10:00 | Bash |
| 10:38 | Arcane Vault |
| 10:39 | Arcane Vault |
| 10:40 | Arcane Vault |
| 10:52 | Staff of Teleportation |
| 10:52 | Boots of Speed |
| 10:53 | Tome of Retraining |
| 10:53 | Retrain Hero |
| 10:55 | Blizzard |
| 10:55 | Brilliance Aura |
| 10:55 | Blizzard |
| 10:58 | Healing Salve |
| 12:00 | Guard Tower |
| 12:46 | Holy Light |
| 12:48 | Staff of Sanctuary |
| 12:50 | Staff of Sanctuary |
| 12:59 | Arcane Tower |
| 13:18 | Staff of Teleportation |
| 13:42 | Staff of Sanctuary |
| 14:16 | Scout Tower |
| 14:17 | Scout Tower |
| 14:18 | Scout Tower |
| 14:18 | Scout Tower |
| 14:19 | Scout Tower |
| 14:40 | Orb of Lightning |
| 15:02 | Guard Tower |
| 16:36 | Arcane Tower |
| 16:36 | Arcane Tower |
| 16:37 | Guard Tower |
| 16:39 | Scout Tower |
| 16:39 | Scout Tower |
| 17:53 | Brilliance Aura |
| 19:18 | Imbued Masonry |
| 19:19 | Improved Lumber Harvesting |
| 19:20 | Guard Tower |
| 19:49 | Storm Bolt |
| 20:10 | Orb of Lightning |
| 20:10 | Orb of Lightning |
| 20:51 | Periapt of Vitality |
| 21:08 | Divine Shield |
| 22:09 | Healing Salve |
| Right click | 2063 |
| Select | 448 |
| Select group | 386 |
| Build/train/purchase | 127 |
| Chat | 82 |
| Use ability | 70 |
| Assign group | 35 |
| Minimap ping | 21 |
| Item give/drop | 11 |
| Misc. action | 4 |



| Healing Salve | 1 | 100 |
| Boots of Speed | 3 | 750 |
| Staff of Teleportation | 1 | 150 |
| Staff of Sanctuary | 1 | 250 |
| Orb of Fire | 1 | 325 |
| total: | 7 | 1575g |
| Peon | 18 | 1350 | / | 0 |
| Troll Witch Doctor | 4 | 580 | / | 100 |
| Shaman | 3 | 390 | / | 60 |
| total: | 25 | 2320g | / | 160w |
| Watch Tower | 38 | 4180 | / | 3040 |
| Altar of Storms | 1 | 180 | / | 50 |
| Orc Burrow | 3 | 480 | / | 120 |
| War Mill | 1 | 205 | / | 0 |
| Voodoo Lounge | 3 | 390 | / | 90 |
| Great Hall | 1 | 385 | / | 185 |
| Spirit Lodge | 1 | 150 | / | 150 |
| Stronghold | 1 | 315 | / | 190 |
| Fortress | 1 | 325 | / | 190 |
| total: | 48 | 5970g | / | 3635w |
| 0:02 | Peon |
| 0:02 | Peon |
| 0:05 | Altar of Storms |
| 0:18 | Orc Burrow |
| 0:22 | Peon |
| 0:40 | Peon |
| 0:49 | War Mill |
| 0:53 | Peon |
| 1:05 | Voodoo Lounge |
| 1:17 | Peon |
| 1:21 | Peon |
| 1:37 | Peon |
| 1:50 | Orc Burrow |
| 2:06 | Watch Tower |
| 2:08 | Healing Salve |
| 2:10 | Critical Strike |
| 2:18 | Peon |
| 2:30 | Watch Tower |
| 2:49 | Peon |
| 2:50 | Peon |
| 2:52 | Watch Tower |
| 3:12 | Peon |
| 3:15 | Watch Tower |
| 3:40 | Peon |
| 3:41 | Peon |
| 3:46 | Watch Tower |
| 4:11 | Stronghold |
| 4:15 | Watch Tower |
| 4:31 | Boots of Speed |
| 4:36 | Wind Walk |
| 4:51 | Watch Tower |
| 4:59 | Orc Burrow |
| 5:23 | Watch Tower |
| 5:50 | Watch Tower |
| 5:53 | Watch Tower |
| 6:02 | Watch Tower |
| 6:38 | Spirit Lodge |
| 7:10 | Watch Tower |
| 7:14 | Watch Tower |
| 7:19 | Critical Strike |
| 7:32 | Hex |
| 7:43 | Reinforced Defenses |
| 7:45 | Watch Tower |
| 8:07 | Boots of Speed |
| 8:15 | Watch Tower |
| 8:19 | Witch Doctor Adept Training |
| 8:24 | Spiked Barricades |
| 8:31 | Watch Tower |
| 9:01 | Watch Tower |
| 9:18 | Fortress |
| 9:20 | Troll Witch Doctor |
| 9:29 | Troll Witch Doctor |
| 9:40 | Watch Tower |
| 10:50 | Healing Wave |
| 11:05 | Watch Tower |
| 11:08 | Watch Tower |
| 11:35 | Troll Witch Doctor |
| 11:35 | Troll Witch Doctor |
| 12:00 | Watch Tower |
| 12:01 | Watch Tower |
| 12:02 | Watch Tower |
| 12:07 | Witch Doctor Master Training |
| 13:20 | Great Hall |
| 14:18 | Voodoo Lounge |
| 14:33 | Frost Arrows |
| 14:50 | Voodoo Lounge |
| 15:04 | Watch Tower |
| 15:06 | Watch Tower |
| 15:12 | Watch Tower |
| 16:00 | Watch Tower |
| 16:03 | Watch Tower |
| 16:04 | Watch Tower |
| 16:10 | Watch Tower |
| 16:37 | Staff of Sanctuary |
| 16:44 | Orb of Fire |
| 16:57 | Watch Tower |
| 16:58 | Peon |
| 16:58 | Peon |
| 16:58 | Peon |
| 17:00 | Peon |
| 17:07 | Improved Spiked Barricades |
| 18:24 | Wind Walk |
| 18:27 | Watch Tower |
| 18:51 | Watch Tower |
| 18:53 | Pillage |
| 19:16 | Staff of Teleportation |
| 19:23 | Boots of Speed |
| 19:31 | Forked Lightning |
| 19:33 | Watch Tower |
| 19:51 | Shaman Adept Training |
| 19:55 | Watch Tower |
| 20:48 | Watch Tower |
| 21:11 | Watch Tower |
| 21:13 | Shaman Master Training |
| 21:34 | Shaman |
| 21:34 | Shaman |
| 21:34 | Shaman |
| 22:11 | Hex |
| 22:27 | Watch Tower |
| Right click | 1760 |
| Select | 418 |
| Select group | 383 |
| Misc. action | 123 |
| Build/train/purchase | 81 |
| Chat | 52 |
| Use ability | 42 |
| Assign group | 6 |
| Minimap ping | 4 |
| Item give/drop | 3 |
| Esc | 2 |



x1)
| Staff of Sanctuary | 3 | 750 |
| Orb of Fire | 2 | 650 |
| Scroll of Regeneration | 1 | 100 |
| Staff of Teleportation | 3 | 450 |
| Boots of Speed | 3 | 750 |
| Tome of Retraining | 1 | 300 |
| Orb of Lightning | 1 | 375 |
| total: | 14 | 3375g |
| Peasant | 20 | 1500 | / | 0 |
| Priest | 1 | 135 | / | 10 |
| total: | 21 | 1635g | / | 10w |
| Scout Tower | 52 | 1560 | / | 1040 |
| Arcane Tower | 6 | 420 | / | 300 |
| Guard Tower | 20 | 1400 | / | 1000 |
| Altar of Kings | 1 | 180 | / | 50 |
| Lumber Mill | 1 | 120 | / | 0 |
| Farm | 4 | 320 | / | 80 |
| Arcane Vault | 1 | 130 | / | 30 |
| Town Hall | 1 | 385 | / | 205 |
| Arcane Sanctum | 1 | 150 | / | 140 |
| Keep | 1 | 320 | / | 210 |
| Castle | 1 | 360 | / | 210 |
| total: | 61 | 2845g | / | 1545w |
| 0:02 | Peasant |
| 0:04 | Altar of Kings |
| 0:08 | Peasant |
| 0:20 | Lumber Mill |
| 0:22 | Peasant |
| 0:26 | Farm |
| 0:30 | Peasant |
| 0:45 | Peasant |
| 0:54 | Peasant |
| 0:56 | Farm |
| 1:12 | Peasant |
| 1:24 | Improved Masonry |
| 1:36 | Scout Tower |
| 1:40 | Peasant |
| 1:48 | Arcane Vault |
| 2:01 | Peasant |
| 2:06 | Scout Tower |
| 2:06 | Arcane Tower |
| 2:09 | Summon Water Elemental |
| 2:13 | Peasant |
| 2:21 | Peasant |
| 2:36 | Peasant |
| 2:45 | Scout Tower |
| 2:46 | Guard Tower |
| 2:48 | Peasant |
| 3:01 | Peasant |
| 3:03 | Scout Tower |
| 3:12 | Brilliance Aura |
| 3:17 | Peasant |
| 3:29 | Guard Tower |
| 3:31 | Scout Tower |
| 4:05 | Keep |
| 4:08 | Scout Tower |
| 4:29 | Guard Tower |
| 4:40 | Staff of Teleportation |
| 4:43 | Summon Water Elemental |
| 4:54 | Guard Tower |
| 4:56 | Scout Tower |
| 4:57 | Scout Tower |
| 4:59 | Farm |
| 5:25 | Scout Tower |
| 6:08 | Scout Tower |
| 6:10 | Scout Tower |
| 6:14 | Guard Tower |
| 6:34 | Guard Tower |
| 6:35 | Scout Tower |
| 6:38 | Improved Lumber Harvesting |
| 6:38 | Advanced Masonry |
| 6:42 | Arcane Sanctum |
| 6:54 | Castle |
| 7:11 | Arcane Tower |
| 7:20 | Guard Tower |
| 7:23 | Scout Tower |
| 7:23 | Scout Tower |
| 7:24 | Scout Tower |
| 7:25 | Storm Bolt |
| 8:17 | Magic Sentry |
| 8:22 | Farm |
| 8:32 | Boots of Speed |
| 8:33 | Staff of Teleportation |
| 9:04 | Guard Tower |
| 9:05 | Scout Tower |
| 9:13 | Town Hall |
| 9:15 | Scout Tower |
| 9:16 | Scout Tower |
| 9:16 | Scout Tower |
| 9:17 | Scout Tower |
| 9:17 | Scout Tower |
| 9:18 | Scout Tower |
| 9:18 | Scout Tower |
| 9:19 | Scout Tower |
| 9:20 | Scout Tower |
| 9:21 | Scout Tower |
| 9:22 | Scout Tower |
| 9:23 | Scout Tower |
| 9:24 | Scout Tower |
| 9:37 | Guard Tower |
| 9:40 | Scout Tower |
| 9:40 | Scout Tower |
| 9:59 | Bash |
| 10:04 | Imbued Masonry |
| 10:04 | Advanced Lumber Harvesting |
| 10:09 | Priest Adept Training |
| 10:26 | Brilliance Aura |
| 10:42 | Guard Tower |
| 10:44 | Scout Tower |
| 10:44 | Scout Tower |
| 10:47 | Holy Light |
| 11:05 | Tome of Retraining |
| 11:05 | Retrain Hero |
| 11:06 | Blizzard |
| 11:07 | Brilliance Aura |
| 11:14 | Boots of Speed |
| 11:15 | Staff of Teleportation |
| 11:23 | Guard Tower |
| 11:59 | Guard Tower |
| 12:03 | Peasant |
| 12:03 | Peasant |
| 12:03 | Peasant |
| 12:04 | Guard Tower |
| 12:12 | Scout Tower |
| 12:14 | Scout Tower |
| 12:14 | Scout Tower |
| 12:33 | Staff of Sanctuary |
| 12:46 | Guard Tower |
| 12:50 | Arcane Tower |
| 12:51 | Guard Tower |
| 13:11 | Arcane Tower |
| 13:12 | Scout Tower |
| 13:13 | Peasant |
| 13:43 | Guard Tower |
| 13:47 | Scout Tower |
| 13:49 | Scout Tower |
| 13:53 | Orb of Fire |
| 14:06 | Scout Tower |
| 14:21 | Boots of Speed |
| 14:44 | Priest Master Training |
| 14:44 | Priest |
| 14:49 | Staff of Sanctuary |
| 14:56 | Guard Tower |
| 14:59 | Peasant |
| 15:48 | Scout Tower |
| 15:49 | Scout Tower |
| 15:50 | Scout Tower |
| 15:51 | Scout Tower |
| 16:20 | Orb of Fire |
| 16:41 | Scout Tower |
| 16:42 | Scout Tower |
| 16:43 | Scout Tower |
| 16:47 | Orb of Lightning |
| 17:23 | Storm Bolt |
| 18:32 | Divine Shield |
| 19:00 | Scout Tower |
| 19:01 | Scout Tower |
| 19:04 | Scout Tower |
| 19:07 | Scout Tower |
| 19:08 | Scout Tower |
| 19:16 | Scroll of Regeneration |
| 19:20 | Staff of Sanctuary |
| 19:39 | Arcane Tower |
| 21:46 | Guard Tower |
| Right click | 1191 |
| Select group | 996 |
| Assign group | 350 |
| Select | 276 |
| Build/train/purchase | 137 |
| Use ability | 88 |
| Misc. action | 50 |
| Chat | 26 |
| Item give/drop | 13 |
| Remove unit | 2 |
| Minimap ping | 1 |
125 units @ 18.7k
/ 2.8k
48 buildings @ 6.8k
/ 2.6k

| Circlet of Nobility | 1 | 175 |
| total: | 1 | 175g |
| Peon | 8 | 600 | / | 0 |
| Grunt | 4 | 800 | / | 0 |
| Troll Headhunter | 8 | 1120 | / | 160 |
| Demolisher | 6 | 1320 | / | 300 |
| Raider | 12 | 2160 | / | 480 |
| Troll Berserker | 4 | 560 | / | 80 |
| total: | 42 | 6560g | / | 1020w |
| Altar of Storms | 1 | 180 | / | 50 |
| Orc Burrow | 7 | 1120 | / | 280 |
| Barracks | 1 | 180 | / | 50 |
| War Mill | 1 | 205 | / | 0 |
| Beastiary | 1 | 145 | / | 140 |
| Stronghold | 1 | 315 | / | 190 |
| Fortress | 1 | 325 | / | 190 |
| total: | 11 | 1830g | / | 520w |
| 0:05 | Altar of Storms |
| 0:10 | Orc Burrow |
| 0:12 | Peon |
| 0:12 | Peon |
| 0:45 | Peon |
| 0:45 | Peon |
| 1:07 | Barracks |
| 1:53 | Peon |
| 1:58 | War Mill |
| 2:11 | Orc Burrow |
| 2:15 | Orc Burrow |
| 2:17 | Grunt |
| 2:20 | Healing Wave |
| 3:07 | Grunt |
| 3:17 | Troll Headhunter |
| 3:33 | Grunt |
| 3:59 | Stronghold |
| 4:02 | Grunt |
| 4:29 | Steel Melee Weapons |
| 4:53 | Troll Headhunter |
| 4:53 | Troll Headhunter |
| 5:06 | Orc Burrow |
| 5:29 | Troll Headhunter |
| 5:29 | Troll Headhunter |
| 6:04 | Serpent Ward |
| 6:28 | Healing Wave |
| 6:45 | Circlet of Nobility |
| 6:55 | Troll Regeneration |
| 7:00 | Beastiary |
| 7:09 | Peon |
| 7:09 | Peon |
| 7:21 | Demolisher |
| 7:21 | Demolisher |
| 7:48 | Berserker Strength |
| 7:53 | Steel Armor |
| 8:41 | Raider |
| 8:42 | Raider |
| 8:50 | Thorium Melee Weapons |
| 8:54 | Steel Ranged Weapons |
| 9:10 | Troll Headhunter |
| 9:10 | Troll Headhunter |
| 9:11 | Troll Headhunter |
| 9:16 | Arcanite Melee Weapons |
| 9:22 | Orc Burrow |
| 11:09 | Demolisher |
| 11:09 | Demolisher |
| 11:12 | Raider |
| 11:12 | Raider |
| 11:12 | Raider |
| 11:44 | Orc Burrow |
| 11:46 | Thorium Ranged Weapons |
| 12:53 | Fortress |
| 12:57 | Ensnare |
| 13:09 | Arcanite Ranged Weapons |
| 13:35 | Orc Burrow |
| 14:14 | Demolisher |
| 14:15 | Demolisher |
| 14:24 | Thorium Armor |
| 16:33 | Berserker Upgrade |
| 16:38 | Raider |
| 16:38 | Raider |
| 16:38 | Raider |
| 16:38 | Raider |
| 18:45 | Troll Berserker |
| 18:45 | Troll Berserker |
| 18:46 | Troll Berserker |
| 18:46 | Troll Berserker |
| 19:17 | Peon |
| 19:23 | Raider |
| 19:23 | Raider |
| 19:23 | Raider |
| 22:38 | Serpent Ward |
| Right click | 405 |
| Select | 303 |
| Build/train/purchase | 67 |
| Use ability | 27 |
| Misc. action | 23 |
| Remove unit | 7 |
| Minimap ping | 4 |


| Healing Salve | 2 | 200 |
| Lesser Clarity Potion | 1 | 70 |
| Scroll of Speed | 1 | 50 |
| Orb of Lightning | 1 | 375 |
| Scroll of Town Portal | 1 | 350 |
| total: | 6 | 1045g |
| Peon | 7 | 525 | / | 0 |
| Grunt | 1 | 200 | / | 0 |
| Troll Headhunter | 17 | 2380 | / | 340 |
| Troll Berserker | 7 | 980 | / | 140 |
| total: | 32 | 4085g | / | 480w |
| Watch Tower | 3 | 330 | / | 240 |
| Altar of Storms | 1 | 180 | / | 50 |
| Orc Burrow | 5 | 800 | / | 200 |
| Barracks | 2 | 360 | / | 100 |
| Voodoo Lounge | 1 | 130 | / | 30 |
| War Mill | 1 | 205 | / | 0 |
| Spirit Lodge | 2 | 300 | / | 300 |
| Stronghold | 1 | 315 | / | 190 |
| Fortress | 1 | 325 | / | 190 |
| total: | 15 | 2305g | / | 920w |
| 0:04 | Peon |
| 0:04 | Peon |
| 0:04 | Peon |
| 0:13 | Altar of Storms |
| 0:22 | Orc Burrow |
| 0:37 | Barracks |
| 0:44 | Peon |
| 0:56 | Peon |
| 1:31 | Orc Burrow |
| 1:39 | Grunt |
| 2:03 | Orc Burrow |
| 2:07 | Voodoo Lounge |
| 2:21 | War Stomp |
| 2:35 | War Mill |
| 3:21 | Stronghold |
| 3:30 | Healing Salve |
| 3:31 | Lesser Clarity Potion |
| 3:43 | Orc Burrow |
| 3:47 | Troll Headhunter |
| 3:47 | Troll Headhunter |
| 3:48 | Troll Headhunter |
| 4:19 | Steel Armor |
| 4:25 | Troll Headhunter |
| 4:27 | Troll Headhunter |
| 4:43 | Endurance Aura |
| 4:51 | Troll Headhunter |
| 5:09 | Steel Ranged Weapons |
| 5:15 | Troll Headhunter |
| 5:41 | Troll Headhunter |
| 5:45 | Troll Regeneration |
| 5:48 | Troll Headhunter |
| 6:01 | Troll Headhunter |
| 6:09 | War Stomp |
| 6:37 | Troll Headhunter |
| 6:54 | Troll Headhunter |
| 7:04 | Thorium Armor |
| 7:07 | Troll Headhunter |
| 7:56 | Barracks |
| 8:00 | Endurance Aura |
| 8:09 | Troll Headhunter |
| 8:10 | Troll Headhunter |
| 8:24 | Peon |
| 8:31 | Orc Burrow |
| 8:39 | Healing Wave |
| 8:51 | Scroll of Speed |
| 9:41 | Troll Headhunter |
| 10:12 | Fortress |
| 10:29 | Thorium Ranged Weapons |
| 10:35 | Troll Headhunter |
| 12:36 | Berserker Upgrade |
| 13:01 | Arcanite Armor |
| 13:44 | Troll Berserker |
| 13:45 | Troll Berserker |
| 14:36 | Arcanite Ranged Weapons |
| 15:05 | Peon |
| 15:12 | Spirit Lodge |
| 15:14 | Spirit Lodge |
| 15:49 | Hex |
| 17:34 | Troll Berserker |
| 17:34 | Troll Berserker |
| 18:24 | Troll Berserker |
| 18:25 | Troll Berserker |
| 18:25 | Troll Berserker |
| 18:32 | Orb of Lightning |
| 18:34 | Scroll of Town Portal |
| 18:35 | Healing Salve |
| 18:46 | Shaman Adept Training |
| 19:43 | Watch Tower |
| 19:46 | Watch Tower |
| 19:49 | Watch Tower |
| Right click | 804 |
| Select | 201 |
| Build/train/purchase | 76 |
| Select group | 53 |
| Assign group | 24 |
| Use ability | 21 |
| Misc. action | 7 |
| Item give/drop | 3 |
| Remove unit | 3 |
| Minimap ping | 1 |

| Scroll of Town Portal | 1 | 350 |
| total: | 1 | 350g |
| Peasant | 11 | 825 | / | 0 |
| Footman | 11 | 1485 | / | 0 |
| Rifleman | 9 | 1845 | / | 270 |
| Priest | 4 | 540 | / | 40 |
| Knight | 4 | 980 | / | 240 |
| Siege Engine | 12 | 2340 | / | 720 |
| total: | 51 | 8015g | / | 1270w |
| Altar of Kings | 1 | 180 | / | 50 |
| Farm | 12 | 960 | / | 240 |
| Barracks | 1 | 160 | / | 60 |
| Blacksmith | 1 | 140 | / | 60 |
| Lumber Mill | 1 | 120 | / | 0 |
| Arcane Vault | 1 | 130 | / | 30 |
| Town Hall | 1 | 385 | / | 205 |
| Arcane Sanctum | 2 | 300 | / | 280 |
| Workshop | 2 | 280 | / | 280 |
| Keep | 1 | 320 | / | 210 |
| Castle | 3 | 1080 | / | 630 |
| total: | 22 | 2655g | / | 1205w |
| 0:06 | Altar of Kings |
| 0:09 | Farm |
| 0:13 | Barracks |
| 0:14 | Peasant |
| 0:15 | Peasant |
| 0:36 | Peasant |
| 0:48 | Farm |
| 0:54 | Farm |
| 1:01 | Peasant |
| 1:01 | Peasant |
| 1:25 | Peasant |
| 1:27 | Footman |
| 1:27 | Footman |
| 1:39 | Peasant |
| 1:44 | Footman |
| 1:44 | Footman |
| 1:55 | Farm |
| 2:12 | Summon Water Elemental |
| 2:27 | Footman |
| 2:27 | Footman |
| 2:33 | Peasant |
| 2:33 | Peasant |
| 2:45 | Farm |
| 3:19 | Peasant |
| 3:19 | Peasant |
| 3:25 | Footman |
| 3:30 | Blacksmith |
| 3:33 | Lumber Mill |
| 3:50 | Brilliance Aura |
| 4:40 | Footman |
| 4:40 | Footman |
| 4:41 | Keep |
| 4:43 | Iron Forged Swords |
| 4:44 | Iron Plating |
| 4:47 | Footman |
| 4:47 | Footman |
| 4:51 | Rifleman |
| 4:51 | Rifleman |
| 4:51 | Rifleman |
| 5:03 | Farm |
| 5:19 | Arcane Vault |
| 6:46 | Rifleman |
| 6:47 | Rifleman |
| 6:47 | Rifleman |
| 7:03 | Summon Water Elemental |
| 7:12 | Farm |
| 7:17 | Farm |
| 7:20 | Steel Forged Swords |
| 7:21 | Steel Plating |
| 7:23 | Castle |
| 7:56 | Rifleman |
| 8:16 | Arcane Sanctum |
| 8:23 | Rifleman |
| 9:17 | Arcane Sanctum |
| 9:22 | Rifleman |
| 9:30 | Priest Adept Training |
| 9:59 | Priest |
| 10:00 | Priest |
| 10:02 | Animal War Training |
| 11:08 | Knight |
| 11:08 | Knight |
| 11:09 | Magic Sentry |
| 11:11 | Priest Master Training |
| 11:13 | Knight |
| 12:14 | Knight |
| 12:39 | Farm |
| 12:40 | Farm |
| 12:40 | Farm |
| 13:54 | Scroll of Town Portal |
| 14:06 | Priest |
| 14:06 | Priest |
| 14:09 | Mithril Plating |
| 14:35 | Workshop |
| 15:47 | Siege Engine |
| 15:47 | Siege Engine |
| 15:48 | Siege Engine |
| 15:48 | Siege Engine |
| 15:48 | Siege Engine |
| 16:11 | Town Hall |
| 16:21 | Siege Engine |
| 16:38 | Farm |
| 17:27 | Brilliance Aura |
| 17:39 | Siege Engine |
| 17:39 | Siege Engine |
| 18:37 | Siege Engine |
| 18:37 | Siege Engine |
| 18:37 | Siege Engine |
| 20:36 | Siege Engine |
| 21:51 | Workshop |
| Right click | 744 |
| Select | 288 |
| Build/train/purchase | 98 |
| Select group | 57 |
| Misc. action | 25 |
| Assign group | 17 |
| Remove unit | 11 |
| Use ability | 5 |
| Esc | 1 |
| Minimap ping | 1 |